 Dungeon Crawl Stone Soup version 0.26-a0-651-gb41185065b (webtiles) character file.

Game seed: 13138824463263190482

265 Lanoc the Cudgeler (level 5, -5/42 HPs)
             Began as a Demonspawn Chaos Knight on Oct 2, 2020.
             Was a Plaything of Xom.
             Slain by an ogre
             ... wielding a +0 giant club
              (16 damage)
             ... on level 5 of the Dungeon.
             The game lasted 00:03:16 (2572 turns).

Lanoc the Cudgeler (Demonspawn Chaos Knight)        Turns: 2572, Time: 00:03:16

Health: -5/42      AC: 12    Str: 12    XL:     5   Next: 99%
Magic:  5/5        EV:  7    Int: 13    God:    Xom [*.....]
Gold:   132        SH:  3    Dex: 14    Spells: 4/4 levels left

rFire    . . .     SeeInvis .   a - +0 mace (chaos)
rCold    . . .     Faith    .   c - +0 buckler
rNeg     + . .     Spirit   .   p - +4 chain mail of Puesit {rN+ Stlth+}
rPois    .         Reflect  .   (no helmet)
rElec    .         Harm     .   (no cloak)
rCorr    .         Rampage  .   (no gloves)
MR       .....                  (no boots)
Stlth    ..........             (no amulet)
HPRegen  0.14/turn              (no ring)
MPRegen  0.09/turn              (no ring)

@: lightly drained
A: hooves 1, repulsion field 1, rot immunity
a: Renounce Religion


You were on level 5 of the Dungeon.
You worshipped Xom.
You were a special plaything of Xom.
You visited 1 branch of the dungeon, and saw 5 of its levels.

You collected 132 gold pieces.

Inventory:

Hand Weapons
 a - a +0 mace of chaos (weapon)
Missiles
 k - 7 datura-tipped darts (quivered)
Armour
 c - a +0 buckler (worn)
 p - the +4 chain mail of Puesit (worn) {rN+ Stlth+}
   (You found it on level 4 of the Dungeon)

   It protects you from negative energy.
   It makes you more stealthy.
Wands
 j - a wand of random effects (13)
Scrolls
 e - 4 scrolls of identify {unknown}
 f - 3 scrolls of amnesia {unknown}
 g - 2 scrolls of noise {unknown}
 h - 2 scrolls of remove curse {unknown}
 i - a scroll of immolation {unknown}
 n - 3 scrolls of teleportation {unknown}
Potions
 d - a potion of magic
 l - a potion of stabbing {unknown}
 m - a potion of degeneration {unknown}
 o - a potion of mutation {unknown}


   Skills:
 + Level 3.9(3.3) Fighting
 * Level 4.2(3.7) Maces & Flails
 + Level 2.9(2.3) Armour
 + Level 2.3(1.8) Dodging
 + Level 1.1(0.5) Shields


You had 4 spell levels left.
You didn't know any spells.
Your spell library was empty.

Dungeon Overview and Level Annotations

Branches:
Dungeon (5/15)
 Temple: D:4-7

Altars:
Fedhas
Hepliaklqana
Kikubaaqudgha
Nemelex Xobeh
Wu Jian
Xom

Annotations:
D:2 Terence


Innate Abilities, Weirdness & Mutations

You have large cloven feet.
You are surrounded by a mild repulsion field. (EV +2)
You are immune to rotting.


Message History

You sock the ogre! You freeze the ogre. You kick the ogre, but do no damage.
The ogre is moderately wounded.
You block the ogre's attack.
You sock the ogre!
The ogre is severely wounded.
You barely miss the ogre. You kick the ogre.
The ogre is severely wounded.
The ogre hits you with a +0 giant club!!
* * * LOW HITPOINT WARNING * * *
You are too injured to fight recklessly!
You hit the ogre.
The ogre is poisoned.
Your kick misses the ogre.
The ogre is severely wounded.
The ogre barely misses you.
You hit the ogre but do no damage. You kick the ogre, but do no damage.
The ogre is severely wounded.
The ogre barely misses you.
You barely miss the ogre.
The ogre is severely wounded.
The ogre hits you with a +0 giant club!
You die...

. .. ## .. #.
.####
...##.#####....#.
................
..............#
..........$...#
.......<......#
..............#
..........@...#
....####.##O.[#
... #.# ...# ..
... ...+ . ....
...# .........#
...)..:...#
...... ...#


You could see an ogre (very poisoned).

Vanquished Creatures
  A phantom (D:4)
  A scorpion (D:3)
  An orc wizard (D:4)
  Jessica (D:2)
  3 adders
  An ooze (D:2)
  A worm (D:3)
  A dart slug (D:3)
  7 orcs
  A bat (D:2)
  A giant cockroach (D:3)
  A hobgoblin (D:2)
  3 kobolds
  4 quokkas
  A frilled lizard (D:4)
  A goblin (D:2)
  2 rats (D:2)
31 creatures vanquished.

Notes
Turn   | Place    | Note
-------+----------+-------------------------------------------
     0 | D:1      | Lanoc the Demonspawn Chaos Knight began the quest for the
                  | Orb.
     0 | D:1      | Reached XP level 1. HP: 18/18 MP: 1/1
    48 | D:2      | XOM: stealth player
    57 | D:2      | Noticed Terence
    59 | D:2      | Reached skill level 1 in Dodging
    90 | D:2      | Found a sparkling altar of Nemelex Xobeh.
    93 | D:2      | Gained mutation: You have large cloven feet. [demonic
                  | ancestry]
    93 | D:2      | Reached XP level 2. HP: 15/24 MP: 2/2
   186 | D:2      | XOM: silly message
   222 | D:2      | Found an ornate altar of the Wu Jian Council.
   259 | D:2      | XOM: potion effect (might)
   262 | D:2      | Noticed Jessica
   263 | D:2      | Reached skill level 3 in Maces & Flails
   268 | D:2      | Gained mutation: You are surrounded by a mild repulsion
                  | field. (EV +2) [demonic ancestry]
   268 | D:2      | Reached XP level 3. HP: 10/29 MP: 3/3
   268 | D:2      | XOM: silly message
   273 | D:2      | Killed Jessica
   497 | D:3      | Reached XP level 4. HP: 27/35 MP: 4/4
   657 | D:3      | XOM: smoke on damage
   685 | D:3      | XOM: silly message
   916 | D:3      | Found an ancient bone altar of Kikubaaqudgha.
   969 | D:3      | XOM: silly message
  1114 | D:3      | XOM: cloud trail
  1126 | D:3      | XOM: scenery: summon butterflies
  1178 | D:3      | XOM: scenery: create altars
  1415 | D:3      | XOM: god gift: twisted glowing staff {god gift}
  1453 | D:3      | XOM: 1-stop teleportation journey
  1558 | D:3      | Found a hazy altar of Hepliaklqana.
  1736 | D:4      | Found a blossoming altar of Fedhas.
  1774 | D:4      | Noticed a phantom
  1780 | D:4      | Killed a phantom
  1780 | D:4      | Reached skill level 4 in Maces & Flails
  1780 | D:4      | Gained mutation: You are immune to rotting. [demonic
                  | ancestry]
  1780 | D:4      | Reached XP level 5. HP: 32/42 MP: 5/5
  1953 | D:4      | Reached skill level 1 in Shields
  2466 | D:4      | Got a shimmering chain mail
  2476 | D:4      | Identified the +4 chain mail of Puesit {rN+ Stlth+} (You
                  | found it on level 4 of the Dungeon)
  2534 | D:4      | XOM: draining
  2562 | D:5      | Entered Level 5 of the Dungeon
  2562 | D:5      | Noticed an ogre
  2572 | D:5      | Slain by an ogre

Illustrated notes

Levels and vault maps discovered:
D:1:      psy_arrival_radial02, layout_rooms
D:2:      layout_rooms, nicolae_overflow_hidden_temple,
          nemelex_xobeh_ov_fountains_minmay, nicolae_overflow_crystal_walls,
          marbit_many_paths, serial_rivers, chequers_serial_rivers_micro_b,
          chequers_serial_rivers_micro_e, chequers_serial_rivers_room_a,
          chequers_serial_rivers_micro_c, chequers_serial_rivers_large_a,
          chequers_serial_rivers_micro_b, uniq_jessica, uniq_terence
D:3:      layout_basic, lemuel_crystal_altar, lemuel_crystal_altar
D:4:      layout_gridville, lemuel_crystal_altar
D:5:      layout_gridville, old_standard_altar, minmay_temple_entry_wispy,
          uniq_pikel, uniq_edmund

Skill      XL: |  1  2  3  4  5 |
---------------+----------------+-----
Dodging        | 1 2 |  2.3
Maces & Flails | 3 4 |  4.2
Armour         | 2 |  2.9
Shields        | 1 |  1.1
Fighting       | |  3.9

Action                   |  1- 3 |  4- 6 || total
-------------------------+-------+-------++-------
Melee: Mace              |    39 |    74 ||   113
       Kick              |     3 |    15 ||    18
  Use: Potion            |       |     4 ||     4
Armor: Leather armour    |    15 |    15 ||    30
       Chain mail        |       |     4 ||     4
Dodge: Dodged            |    41 |    31 ||    72
Block: Buckler           |       |    10 ||    10

Table legend: (Time is in decaauts)
 A = Elapsed time spent in this place.
 B = Non-inter-level travel time spent in this place.
 C = Inter-level travel time spent in this place.
 D = Time resting spent in this place.
 E = Time spent auto-exploring this place.
 F = Levels seen in this place.
 G = Mean time per level.
                   A        B        C        D        E       F      G
               +--------+--------+--------+--------+--------+-----+--------+
         Total |   2584 |   2499 |     85 |    237 |   1959 |   5 |  516.8 |
       Dungeon |   2584 |   2499 |     85 |    237 |   1959 |   5 |  516.8 |
               +--------+--------+--------+--------+--------+-----+--------+

Top non-repeatable levels by time:
     D:3: 1265 daAuts
     D:4: 889 daAuts
     D:2: 367 daAuts
     D:1: 51 daAuts
     D:5: 11 daAuts
